 Dungeon Crawl Stone Soup version 0.30-a0-723-gc1506a1cf0 (webtiles) character file.

Game seed: 6208995917991028517

3956 jimonade the Covert (level 10, -3/46 HPs)
             Began as a Vine Stalker Brigand on Jan 28, 2023.
             Was a Follower of Uskayaw.
             Slain by a sixfirhy (10 damage)
             ... on level 9 of the Dungeon.
             The game lasted 00:25:13 (7827 turns).

jimonade the Covert (Vine Stalker Brigand)          Turns: 7827, Time: 00:25:14

Health: -3/46      AC: 10    Str: 14    XL:     10   Next: 21%
Magic:  0/14       EV: 10    Int: 11    God:    Uskayaw [*.....]
Gold:   508        SH: 11    Dex: 20    Spells: 9/9 levels left

rFire   . . .      SeeInvis .    a - +2 dagger (venom)
rCold   . . .      Faith    .    z - +0 kite shield
rNeg    . . .      Spirit   +    Q - +3 leather armour
rPois   +          Reflect  .    (no helmet)
rElec   .          Harm     .    F - +1 cloak {rPois}
rCorr   .          Rampage  .    (no gloves)
Will    +....                    O - +1 pair of boots
Stlth   ++++                     r - amulet of regeneration
HPRegen 1.87/turn                w - ring of flight
MPRegen 0.14/turn                (no ring)

@: flying
A: fangs 3, regeneration 1, magic shield, antimagic bite, no potion heal 2
a: Renounce Religion, Stomp


You were on level 9 of the Dungeon.
You worshipped Uskayaw.
Uskayaw was noncommittal.
You visited 2 branches of the dungeon, and saw 10 of its levels.

You collected 508 gold pieces.

Inventory:

Hand Weapons
 a - a +2 dagger of venom (weapon)
 b - a +3 short sword of holy wrath
 c - a +0 dagger of flaming
 q - a +0 sling
 L - a +0 dagger of holy wrath
 S - a +1 dagger of speed
 U - a +2 dagger of protection
 V - a +1 dagger of draining
 W - a +2 dagger of freezing
 X - a +3 dagger
Missiles
 d - 18 poisoned darts (quivered)
 e - 3 curare-tipped darts
 m - 11 boomerangs
 y - 5 large rocks
 H - 4 atropa-tipped darts
 M - a throwing net
Armour
 z - a +0 kite shield (worn)
 A - a +0 robe
 D - +0 gold dragon scales
 F - a +1 cloak of poison resistance (worn)
 O - a +1 pair of boots (worn)
 Q - a +3 leather armour (worn)
Jewellery
 o - a ring of fire
 r - an amulet of regeneration (around neck)
 w - a ring of flight (left hand)
Wands
 I - a wand of flame (43)
 N - a wand of paralysis (2)
Scrolls
 f - 4 scrolls of identify
 j - 4 scrolls of teleportation
 k - 3 scrolls of magic mapping
 l - a scroll of silence
 p - 2 scrolls of butterflies {unknown}
 t - 2 scrolls of immolation
 u - a scroll of noise
 B - a scroll of fear
 R - a scroll of enchant weapon {unknown}
Potions
 g - 2 potions of attraction {unknown}
 h - 2 potions of flight
 i - 2 potions of mutation
 n - 4 potions of might
 s - a potion of magic {unknown}
 v - a potion of lignification {unknown}
 x - a potion of degeneration {unknown}
 C - 6 potions of curing
 E - 4 potions of brilliance
 G - a potion of heal wounds {unknown}
 J - 2 potions of haste
 K - 2 potions of ambrosia {unknown}
 P - a potion of cancellation {unknown}
 T - a potion of berserk rage {unknown}


   Skills:
 - Level 1.7 Fighting
 * Level 8.5 Short Blades
 - Level 1.7 Throwing
 - Level 0.7 Dodging
 + Level 10.0 Stealth
 * Level 7.0 Shields
 * Level 4.4 Invocations


You had 9 spell levels left.
You didn't know any spells.
Your spell library contained the following spells:

 Spells                   Type           Power      Damage    Failure   Level
 Apportation              Tloc           0%         N/A       75%         1
 Static Discharge         Conj/Air       0%         2-2/arc   87%         2
 Vhi's Electric Charge    Tloc/Air       0%         N/A       98%         3
 Alistair's Intoxication  Tmut/Pois      0%         N/A       100%        5
 Arcjolt                  Conj/Air       0%         1d10      100%        5
 Lightning Bolt           Conj/Air       0%         1d11      100%        5


Dungeon Overview and Level Annotations

Branches:
Dungeon (9/15)             Temple (1/1) D:4
   Lair: D:8-11         Orc: D:9-12

Altars:
Cheibriados
Dithmenos
Elyvilon
Fedhas
Gozag
Hepliaklqana
Kikubaaqudgha
Makhleb
Nemelex Xobeh
Okawaru
Qazlal
Ru
Sif Muna
Trog
Uskayaw
Vehumet
Wu Jian
Xom
Yredelemnul
Zin
The Shining One

Shops:
D:4 =:!(*

Annotations:
D:2 exclusion: 3 gnolls
D:3 exclusion: downstairs


Innate Abilities, Weirdness & Mutations

You have razor-sharp teeth.
Your natural rate of healing is unusually fast.
When hurt, damage is shared between your health and your magic reserves.
Your bite disrupts and absorbs the magic of your enemies.
Potions cannot restore your health.


Message History

There is a broken door here.
Items here: )) [[ †.
There is an open door here.
A killer bee comes into view.
A killer bee comes into view.
You see here 6 stones.
An orc wizard comes into view. It is wielding a +0 dagger.
You puncture the demonic plant!
The demonic plant begins to die.
You bite the demonic plant. You drain its power.
The demonic plant is lightly damaged.
Found 9 stones.
A sixfirhy comes into view.
The sixfirhy hits you but does no damage.
You see here 9 stones.
You puncture the sixfirhy!
The sixfirhy is poisoned.
The sixfirhy is lightly wounded.
You closely miss the sixfirhy. Your bite misses the sixfirhy.
The sixfirhy is lightly wounded.
You hit the sixfirhy but do no damage.
The sixfirhy looks as sick as possible!
Your bite misses the sixfirhy.
The sixfirhy is lightly wounded.
Press: ? - help, v - describe, . - travel The floor.
Unknown command.
You barely miss the sixfirhy. Your bite misses the sixfirhy.
The sixfirhy is lightly wounded.
You block the sixfirhy's attack.
You hit the sixfirhy.
The sixfirhy looks as sick as possible!
Your bite misses the sixfirhy.
The sixfirhy is lightly wounded.
The sixfirhy hits you. The sixfirhy shocks you! The sixfirhy hits you.
The sixfirhy shocks you! The sixfirhy hits you. The sixfirhy shocks you!
* * * LOW HITPOINT WARNING * * *
You hit the sixfirhy.
The sixfirhy looks as sick as possible!
Your bite misses the sixfirhy.
The sixfirhy is moderately wounded.
You block the sixfirhy's attack. The sixfirhy hits you!
* * * LOW HITPOINT WARNING * * *
The sixfirhy shocks you!
You die...

#..#.......#..#
#..#.....(.#.. ...
#..###.....#..# ....
.....#.....#..#####++#....
.....#.....#..............
.....'.....#..............
.....#######..............
.........................♣
...........>....@3.......+
###......................#
..#♣...###################
......P...........
###..♣.........#
#...♣.###....# ##....#
....# ###### ....# ....#


You could see a sixfirhy (extremely poisoned).

Vanquished Creatures
  Joseph (D:8)
  Maurice (D:8)
  A komodo dragon (D:8)
  Prince Ribbit (D:8)
  A hornet (D:8)
  A wyvern (D:8)
  4 orc warriors
  2 black bears
  An ogre (D:6)
  A phantom (D:6)
  2 kobold brigands
  Blork the orc (D:5)
  A bullfrog (D:7)
  A scorpion (D:5)
  5 killer bees
  A howler monkey (D:6)
  A jelly (D:6)
  7 hounds
  3 gnoll boudas
  6 orc priests
  Crazy Yiuf (D:3)
  6 iguanas
  11 orc wizards
  4 adders
  10 gnolls
  2 shadow imps (D:7)
  3 white imps
  5 worms
  4 dart slugs
  25 orcs
  5 ball pythons
  2 bats
  8 endoplasms
  3 giant cockroaches
  3 goblins
  7 hobgoblins
  11 jackals
  19 kobolds
  4 quokkas
  11 frilled lizards
  5 rats
191 creatures vanquished.

Vanquished Creatures (others)
  A goblin (D:3)
  A demonic plant (D:9)
  8 plants
10 creatures vanquished.

Grand Total: 201 creatures vanquished

Notes
Turn   | Place    | Note
-------+----------+-------------------------------------------
     0 | D:1      | jimonade the Vine Stalker Brigand began the quest for the
                  | Orb.
     0 | D:1      | Reached XP level 1. HP: 11/11 MP: 2/2
    53 | D:1      | Reached skill level 5 in Stealth
   153 | D:1      | Reached XP level 2. HP: 15/15 MP: 3/3
   579 | D:1      | Reached XP level 3. HP: 2/18 MP: 1/4
  1357 | D:2      | Reached skill level 6 in Stealth
  1668 | D:2      | Gained mutation: Your natural rate of healing is unusually
                  | fast. [Vine Stalker growth]
  1668 | D:2      | Reached XP level 4. HP: 23/23 MP: 5/5
  1718 | D:2      | Found a glowing silver altar of Zin.
  2225 | D:3      | Found an iron altar of Okawaru.
  2282 | D:3      | Found a faded altar of an unknown god.
  2332 | D:3      | Reached XP level 5. HP: 20/26 MP: 3/6
  2521 | D:3      | Found a runed translucent door.
  2522 | D:3      | Noticed Crazy Yiuf
  2856 | D:3      | Killed Crazy Yiuf
  2982 | D:4      | Found Zoahim's Distillery.
  2987 | D:4      | Reached XP level 6. HP: 30/30 MP: 7/7
  3001 | D:4      | Reached skill level 7 in Stealth
  3092 | D:4      | Reached skill level 1 in Shields
  3170 | D:4      | Found Yfoibbio's Weapon Shoppe.
  3206 | D:4      | Found Hurphesa's General Store.
  3425 | D:4      | Found a hazy altar of Hepliaklqana.
  3508 | D:4      | Found a staircase to the Ecumenical Temple.
  3520 | Temple   | Entered the Ecumenical Temple
  3567 | Temple   | Became a worshipper of Uskayaw the Reveller
  3589 | D:4      | Found Juoc's Book Boutique.
  3631 | D:4      | Found Tilid's Jewellery Shoppe.
  3773 | D:5      | Entered Level 5 of the Dungeon
  3793 | D:5      | Reached * piety under Uskayaw
  3857 | D:5      | Reached ** piety under Uskayaw
  3879 | D:5      | Reached skill level 5 in Short Blades
  3879 | D:5      | Reached XP level 7. HP: 21/34 MP: 4/8
  3891 | D:5      | Reached *** piety under Uskayaw
  4105 | D:5      | Found a shadowy altar of Dithmenos.
  4105 | D:5      | Found a blossoming altar of Fedhas.
  4124 | D:5      | Noticed Blork the orc
  4144 | D:5      | Killed Blork the orc
  4616 | D:6      | Found a bloodstained altar of Trog.
  4998 | D:6      | Reached skill level 8 in Stealth
  4998 | D:6      | Reached skill level 1 in Invocations
  5067 | D:6      | Gained mutation: You have razor-sharp teeth. [Vine Stalker
                  | growth]
  5067 | D:6      | Reached XP level 8. HP: 38/38 MP: 8/10
  5576 | D:6      | Reached skill level 9 in Stealth
  5624 | D:6      | Reached **** piety under Uskayaw
  5881 | D:7      | Reached XP level 9. HP: 42/42 MP: 12/12
  6032 | D:7      | Found a glowing golden altar of the Shining One.
  6209 | D:7      | Found an ornate altar of the Wu Jian Council.
  6756 | D:8      | Noticed Joseph
  6775 | D:8      | Killed Joseph
  6776 | D:8      | Reached skill level 5 in Shields
  6793 | D:8      | Noticed a komodo dragon
  6823 | D:8      | Killed a komodo dragon
  6824 | D:8      | Reached skill level 10 in Stealth
  6999 | D:8      | Noticed a hornet
  7009 | D:8      | Killed a hornet
  7086 | D:8      | Noticed Prince Ribbit
  7095 | D:8      | Killed Prince Ribbit
  7096 | D:8      | Reached XP level 10. HP: 39/46 MP: 14/14
  7139 | D:8      | Noticed Maurice
  7165 | D:8      | Paralysed by Maurice for 5 turns
  7175 | D:8      | Paralysed by something for 5 turns
  7192 | D:8      | Killed Maurice
  7540 | D:9      | Found a sacrificial altar of Ru.
  7818 | D:9      | Noticed a sixfirhy
  7827 | D:9      | Slain by a sixfirhy

Illustrated notes

Levels and vault maps discovered:
D:1:      minmay_arrival_shattered_statue, layout_loops_corners,
          minmay_tree_intersection, hangedman_decor_push,
          minmay_misc_feat_enclosed, chequers_serial_rivers_micro_c,
          roderic_roman_lattice, serial_bayou_pond_a
D:2:      layout_loops_ring, basic_altar, eino_tiny_chamber
D:3:      layout_rooms, lemuel_tele_altar, ebering_ecumenical_altar_sacrificial,
          uniq_crazy_yiuf_cottage
D:4:      layout_basic, worldfamousw_hep_ancestral_shrine,
          minmay_temple_entry_hall, serial_shops, nicolae_shop_waterfront, shop,
          shop, nicolae_diamond_shop, nicolae_shop_stone, corexii_corridor_pit,
          corexii_leaking_fountain
D:5:      layout_basic, gammafunk_temple_overflow_elements, uniq_blork_the_orc
D:6:      kennysheep_housing_project, layout_rooms, lemuel_crystal_altar
D:7:      layout_basic, mainiacjoe_overflow_small_starburst,
          overflow_temple_1_default
D:8:      layout_loops_ring, minmay_lizard_king, uniq_joseph, uniq_maurice,
          uniq_prince_ribbit1
D:9:      layout_irregular_city, nicolae_ru_the_path_less_chosen,
          david_lair_shrubbed, serial_demonic, serial_demonic_b,
          serial_demonic_c, serial_demonic_g, serial_demonic_f,
          serial_demonic_f, serial_demonic_c, minmay_fountain_box
Temple:   nicolae_temple_ecumenical_triangle

Skill      XL: |  1  2  3  4  5  6  7  8  9 10 |
---------------+-------------------------------+-----
Stealth        | 5 6 7 8 9 10 | 10.0
Short Blades   | 2 3 4 5 7 8 |  8.5
Shields        | 1 2 3 6 7 |  7.0
Invocations    | 1 2 4 |  4.4
Fighting       | |  1.7
Throwing       | |  1.7
Dodging        | |  0.7

Action                     |  1- 3 |  4- 6 |  7- 9 | 10-12 || total
---------------------------+-------+-------+-------+-------++-------
  Melee: Dagger            |    98 |   232 |   383 |    64 ||   777
         Bite              |    20 |    67 |   135 |    15 ||   237
         Punch             |       |     1 |       |       ||     1
  Throw: Dart              |       |       |     2 |       ||     2
    Use: Scroll            |       |       |    15 |       ||    15
   Stab: Sleeping          |     9 |    16 |     8 |     1 ||    34
         Distracted        |     1 |     1 |     1 |       ||     3
         Paralysed         |       |       |     7 |       ||     7
 Armour: Robe              |    16 |    33 |    36 |       ||    85
         Leather armour    |       |       |    48 |    20 ||    68
  Dodge: Dodged            |    53 |    83 |    91 |     7 ||   234
  Block: Kite shield       |       |    28 |   117 |    19 ||   164

Table legend: (Time is in decaauts)
 A = Elapsed time spent in this place.
 B = Non-inter-level travel time spent in this place.
 C = Inter-level travel time spent in this place.
 D = Time resting spent in this place.
 E = Time spent auto-exploring this place.
 F = Levels seen in this place.
 G = Mean time per level.
                   A        B        C        D        E       F      G
               +--------+--------+--------+--------+--------+-----+--------+
         Total |   7658 |   7213 |    445 |    334 |   4665 |  10 |  765.8 |
       Dungeon |   7593 |   7164 |    429 |    334 |   4635 |   9 |  843.7 |
        Temple |     64 |     48 |     16 |      0 |     30 |   1 |   64.0 |
               +--------+--------+--------+--------+--------+-----+--------+

Top non-repeatable levels by time:
     D:6: 1368 daAuts
     D:1: 1198 daAuts
     D:2: 911 daAuts
     D:3: 868 daAuts
     D:8: 864 daAuts
     D:7: 746 daAuts
     D:5: 668 daAuts
     D:4: 666 daAuts
     D:9: 300 daAuts
  Temple: 64 daAuts
